 Dungeon Crawl Stone Soup version 0.30.1-11-g7821555f0a (webtiles) character file.

Game seed: 11257836116883512096

2105 Dillybarz the Cleaver (level 9, -1/79 HPs)
             Began as a Minotaur Fighter on Dec 5, 2023.
             Was a Believer of Okawaru.
             Slain by an ice beast (3 damage)
             ... on level 6 of the Dungeon on Dec 11, 2023.
             The game lasted 00:20:49 (4501 turns).

Dillybarz the Cleaver (Minotaur Fighter)            Turns: 4501, Time: 00:20:50

Health: -1/79      AC:  6    Str: 26    XL:     9   Next: 7%
Magic:  8/10       EV: 11    Int:  5    God:    Okawaru [**....]
Gold:   322        SH:  6    Dex:  9    Spells: 8/8 levels left

rFire   . . .        a - +1 war axe
rCold   . . .        c - +0 buckler
rNeg    . . .        b - +0 scale mail
rPois   .            (helmet restricted)
rElec   .            l - +0 cloak
rCorr   .            (no gloves)
SInv    .            (no boots)
Will    .....        k - amulet of regeneration
Stlth   +            (no ring)
HPRegen 1.13/turn    (no ring)
MPRegen 0.12/turn

%: no passive effects
@: lethally poisoned (-1 -> -19), heroic, corroded
A: horns 2, retaliatory headbutt
a: Renounce Religion, Heroism


You were on level 6 of the Dungeon.
You worshipped Okawaru.
Okawaru was pleased with you.
You visited 1 branch of the dungeon, and saw 6 of its levels.
You also visited: Sewer.

You collected 322 gold pieces.

Inventory:

Hand Weapons
 a - a +1 war axe (weapon)
Missiles
 j - 3 datura-tipped darts
 n - 47 stones
 r - 8 poisoned darts (quivered)
 s - 5 atropa-tipped darts
Armour
 b - a +0 scale mail (worn)
 c - a +0 buckler (worn)
 l - a +0 cloak (worn)
Jewellery
 k - an amulet of regeneration (around neck)
Scrolls
 e - 3 scrolls of teleportation
 f - 2 scrolls of blinking
 o - a scroll of identify
Potions
 d - 3 potions of might
 g - a potion of lignification
 h - 2 potions of invisibility
 i - 4 potions of attraction
 m - 2 potions of magic
 p - a potion of degeneration
 q - a potion of berserk rage
 t - 2 potions of cancellation
 u - 2 potions of brilliance
 v - a potion of mutation
 w - a potion of curing


   Skills:
 + Level 7.1(12.1) Fighting
 * Level 9.1(14.1) Axes
 + Level 7.0(12.0) Armour
 + Level 7.1(12.1) Shields
 + Level 3.2 Invocations


You had 8 spell levels left.
You didn't know any spells.
Your spell library contained the following spells:

 Spells                   Type           Power      Damage    Failure   Level
 Magic Dart               Conj           0%         1d3       75%         1
 Ignite Poison            Fire/Tmut/Pois 0%         N/A       98%         3
 Mephitic Cloud           Conj/Pois/Air  0%         N/A       98%         3
 Ozocubu's Armour         Ice            0%         N/A       98%         3
 Olgreb's Toxic Radiance  Pois           0%         N/A       100%        4
 Sticky Flame             Conj/Fire      0%         2d3       100%        4
 Metabolic Englaciation   Hex/Ice        0%         N/A       100%        5
 Discord                  Hex            0%         N/A       100%        8
 Ignition                 Fire           0%         3d3       100%        8
 Call Imp                 Summ           Unusable   N/A       N/A         2
 Simulacrum               Ice/Necr       Unusable   N/A       N/A         6

Dungeon Overview and Level Annotations

Branches:
Dungeon (6/15)             Temple (0/1) D:4           Sewer (visited)

Altars:
Ashenzari
Gozag
Makhleb
Okawaru
Ru
Uskayaw
Vehumet
Zin

Annotations:
D:5 3 runed translucent doors, Nonny's ghost, novice MfCA


Innate Abilities, Weirdness & Mutations

You have a pair of horns on your head.
You reflexively headbutt those who attack you in melee.


Message History

The ice beast barely misses you. The hound bites you.
The gnoll barely misses you.
You barely miss the gnoll.
The gnoll is severely wounded.
You hit the hound. You closely miss the ice beast. The hound barely misses you.
The gnoll sergeant hits you from afar with a +3 trident of venom!
The ice beast barely misses you. The gnoll hits you with a +0 club.
The hound bites you.
You hit the ice beast but do no damage.
The ice beast is moderately wounded.
You slash the gnoll!
You kill the gnoll!
Okawaru accepts your kill.
You hit the hound.
The gnoll sergeant hits you from afar with a +3 trident of venom!
* * * LOW HITPOINT WARNING * * *
You are poisoned.
You block the hound's attack. The ice beast misses you.
You gain the combat prowess of a mighty hero.
You feel very sick. You block the hound's attack.
The gnoll sergeant closely misses you.
The ice beast hits you but does no damage.
The hound bites you but does no damage.
You miss the hound.
The hound is severely wounded.
You hit the ice beast.
You feel very sick. The gnoll sergeant closely misses you.
The ice beast closely misses you. You furiously retaliate!
You headbutt the ice beast! You block the hound's attack.
You hit the ice beast but do no damage. Your headbutt misses the ice beast.
The ice beast is severely wounded.
You barely miss the hound.
You feel very sick. The hound closely misses you.
The gnoll sergeant hits you from afar with a +3 trident of venom!
* * * LOW HITPOINT WARNING * * *
You are more poisoned.
The ice beast hits you.
You die...

..... .... ....
..... ...##..##
.....##.......#
...............
............)..#
.......<..## ..#
....#......#....
# #...Y)..>.##
#..h@)g.....
#....#.###W...#
..#...#.. .....
#..##... ....
.... ##).. ..
.###. ..## .##
..


You could see an ice beast, a phantom, a gnoll sergeant and a hound.

Vanquished Creatures
  Grinder (Sewer)
  An ice beast (D:5)
  3 ogres
  2 phantoms
  2 bullfrogs (D:5)
  A necrophage (Sewer)
  A scorpion (D:4)
  2 wights (Sewer)
  A howler monkey (D:6)
  5 orc priests (D:5)
  3 jellies
  4 hounds
  A gnoll bouda (D:4)
  Jessica (D:2)
  Natasha (thrice) (D:2)
  Terence (D:2)
  2 orc wizards (D:5)
  3 iguanas
  10 gnolls
  8 adders
  3 shadow imps (Sewer)
  A white imp (D:6)
  8 ufetubi
  3 worms
  A dart slug (D:2)
  9 orcs
  10 endoplasms
  5 giant cockroaches
  12 goblins
  11 hobgoblins
  9 jackals
  2 quokkas
  6 ball pythons
  5 bats
  3 frilled lizards
  A giant cockroach zombie (Sewer)
  19 kobolds
  2 kobold zombies (Sewer)
  5 rats
170 creatures vanquished.

Notes
Turn   | Place    | Note
-------+----------+-------------------------------------------
     0 | D:1      | Dillybarz the Minotaur Fighter began the quest for the Orb.
     0 | D:1      | Reached XP level 1. HP: 19/19 MP: 0/0
   410 | D:1      | Reached XP level 2. HP: 25/27 MP: 1/1
   666 | D:2      | Reached skill level 3 in Axes
   668 | D:2      | Reached XP level 3. HP: 8/33 MP: 2/2
   880 | D:2      | Noticed Terence
   886 | D:2      | Killed Terence
   887 | D:2      | Reached XP level 4. HP: 40/40 MP: 3/3
   894 | D:2      | Noticed Jessica
   900 | D:2      | Killed Jessica
   901 | D:2      | Reached skill level 4 in Axes
   915 | D:2      | Noticed Natasha
   919 | D:2      | Killed Natasha
   920 | D:2      | Reached XP level 5. HP: 43/47 MP: 4/4
   958 | D:2      | Noticed Natasha
   965 | D:2      | Killed Natasha
   999 | D:2      | Noticed Natasha
  1008 | D:2      | Killed Natasha
  1094 | D:2      | Found a burning altar of Makhleb.
  1384 | D:3      | Found a sacrificial altar of Ru.
  1414 | D:3      | Reached skill level 5 in Axes
  1644 | D:3      | Found a hide-covered altar of Uskayaw.
  1652 | D:3      | Found a glowing silver altar of Zin.
  1655 | D:3      | Found an iron altar of Okawaru.
  1659 | D:3      | Became a worshipper of Warmaster Okawaru
  1699 | D:3      | Found a radiant altar of Vehumet.
  1962 | D:3      | Found a faded altar of an unknown god.
  2141 | D:4      | Noticed an ogre
  2149 | D:4      | Reached XP level 6. HP: 55/55 MP: 5/5
  2152 | D:4      | Reached skill level 5 in Fighting
  2152 | D:4      | Reached skill level 5 in Armour
  2152 | D:4      | Reached skill level 5 in Shields
  2156 | D:4      | Found a staircase to the Ecumenical Temple.
  2348 | D:4      | Reached skill level 6 in Axes
  2385 | D:4      | Reached * piety under Okawaru
  2386 | D:4      | Reached XP level 7. HP: 8/61 MP: 6/6
  2559 | D:4      | Found a broken altar of Ashenzari.
  2694 | D:4      | Found a glowing drain.
  2703 | Sewer    | Entered a sewer
  2815 | Sewer    | Found an ancient bone altar of Kikubaaqudgha.
  2837 | Sewer    | Reached skill level 1 in Invocations
  2951 | Sewer    | Reached skill level 7 in Axes
  2983 | Sewer    | Noticed Grinder
  3007 | Sewer    | Paralysed by Grinder for 4 turns
  3012 | Sewer    | Killed Grinder
  3013 | Sewer    | Reached XP level 8. HP: 53/70 MP: 6/8
  3718 | D:5      | Entered Level 5 of the Dungeon
  3776 | D:5      | Reached skill level 8 in Axes
  3971 | D:5      | Reached ** piety under Okawaru
  4161 | D:5      | Found an opulent altar of Gozag.
  4192 | D:5      | Reached XP level 9. HP: 79/79 MP: 10/10
  4285 | D:5      | Found a runed translucent gate.
  4285 | D:5      | Noticed Nonny's ghost (novice MfCA)
  4286 | D:5      | Found a runed translucent gate.
  4287 | D:5      | Found a runed translucent gate.
  4486 | D:6      | Reached skill level 9 in Axes
  4501 | D:6      | HP: 2/79 [gnoll sergeant/+3 trident of venom (8)]
  4501 | D:6      | Slain by an ice beast

Illustrated notes

Levels and vault maps discovered:
D:1:      zaba_arrival_water, layout_basic, minmay_pentomino_s4
D:2:      layout_rooms, basic_altar, minivault_26, corexii_corridor_pit,
          uniq_terence, uniq_natasha, uniq_jessica
D:3:      layout_loops_ring, mainiacjoe_overflow_chevrons,
          grunt_temple_overflow_cloverleaf,
          dreamdust_ecumenical_altar_angels_and_demons, minmay_misc_feat_plants
D:4:      minmay_inner_zag, layout_loops_ring, evilmike_ruin_ashenzari,
          temple_statues, portal_sewer_entry_e, hangedman_decor_clover_reticule
D:5:      layout_rooms, mainiacjoe_overflow_alcove_4, biasface_ghost_orc_armoury
D:6:      cheibrodos_two_vegetables, layout_cave_pools,
          minmay_overflow_temple_star_quad, guppyfry_early_elven_hall

Skill      XL: |  1  2  3  4  5  6  7  8  9 |
---------------+----------------------------+-----
Axes           | 3 4 5 6 7 8 9 |  9.1
Shields        | 4 5 6 7 |  7.1
Fighting       | 4 5 6 7 |  7.1
Armour         | 4 5 6 7 |  7.0
Invocations    | 1 3 |  3.2

Action                     |  1- 3 |  4- 6 |  7- 9 || total
---------------------------+-------+-------+-------++-------
  Melee: War axe           |    47 |   126 |   206 ||   379
         Headbutt          |     2 |    15 |    31 ||    48
 Invoke: Heroism           |       |       |     1 ||     1
    Use: Scroll            |       |     9 |     7 ||    16
 Armour: Scale mail        |    45 |    48 |   121 ||   214
  Dodge: Dodged            |    33 |    60 |   123 ||   216
  Block: Buckler           |    16 |    35 |    73 ||   124
